 Dungeon Crawl Stone Soup version 0.31-a0-174-g85c54bcb58 (webtiles) character file.

Game seed: 10311985900439372187

95 qw the Shooter (level 4, -2/40 HPs)
             Began as a Naga Hunter on June 15, 2023.
             Slain by an orc
             ... wielding a +0 short sword
              (3 damage)
             ... on level 3 of the Dungeon.
             The game lasted 00:00:34 (1663 turns).

qw the Shooter (Naga Hunter)                        Turns: 1663, Time: 00:00:35

Health: -2/40      AC:  5    Str: 14    XL:     4   Next: 66%
Magic:  4/4        EV:  9    Int: 14    God:
Gold:   7          SH:  0    Dex: 16    Spells: 3/3 levels left

rFire   . . .        Y - +0 shortbow
rCold   . . .        (shield currently unavailable)
rNeg    + . .        e - +3 leather armour of Afas Feahi {*Slow Will+ Int+5}
rPois   +            (no helmet)
rElec   .            (no cloak)
rCorr   .            (no gloves)
SInv    +            (no barding)
Will    +....        (no amulet)
Stlth   ++           b - ring of positive energy
HPRegen 0.26/turn    (no ring)
MPRegen 0.09/turn

%: slow self (1%)
@: short of breath, very slow
A: AC +1, large, see invisible, deformed body, poison resistance, slowness 2,
spit poison 1, naga tail 1
a: Spit Poison


You were on level 3 of the Dungeon.
You visited 1 branch of the dungeon, and saw 3 of its levels.

You collected 97 gold pieces.
You spent 90 gold pieces at shops.


Innate Abilities, Weirdness & Mutations

Your serpentine skin is tough. (AC +1)
You have supernaturally acute eyesight. (SInv)
Armour fits poorly on your strangely shaped body.
Your system is resistant to poisons. (rPois)
You cover ground very slowly.
You can spit poison.
You have a snake-like lower body.


   Skills:
 + Level 2.9 Fighting
 - Level 5.0 Ranged Weapons
 - Level 1.5 Dodging
 - Level 1.5 Stealth


You had 3 spell levels left.
You didn't know any spells.
Your spell library was empty.

Inventory:

Hand Weapons
 Y - a +0 shortbow (weapon)
Armour
 e - the +3 leather armour of Afas Feahi (worn) {*Slow Will+ Int+5}
   (You found it on level 2 of the Dungeon)

   Int:       It affects your intelligence (+5).
   *Slow:     It may slow you when you take damage.
   Will:      It increases your willpower.
Jewellery
 b - a ring of positive energy (left hand)
Scrolls
 f - a scroll of blinking {unknown}
Potions
 a - a potion of cancellation {unknown}
 c - a potion of haste {unknown}
 d - 4 potions of curing

Dungeon Overview and Level Annotations

Branches:
Dungeon (3/15)

Altars:

Shops:
D:1 =   D:3 !


Message History

The rat bites you but does no damage.
1658 ||| INVOKING Spit Poison.
Aiming: Spit Poison (1% risk of failure)
Press: ? - help, Shift-Dir - straight line, f/p - Jessica The splash of poison misses Jessica.
The splash of poison hits the hobgoblin.
The hobgoblin is poisoned.
The hobgoblin is severely wounded.
You kill the hobgoblin!
The rat barely misses you. The orc hits you with a +0 short sword.
Jessica closely misses you.
You shoot an arrow. The arrow barely misses Jessica.
The arrow misses the orc wizard.
The rat closely misses you. The orc hits you with a +0 short sword.
Jessica mumbles some strange words.
Jessica seems to speed up.
You shoot an arrow. The arrow closely misses Jessica.
The arrow closely misses the orc wizard.
Jessica hits you with a +0 club. The orc barely misses you. The rat bites you.
Jessica casts a spell.
Jessica blinks!
The rat bites you but does no damage. The orc hits you with a +0 short sword.
You shoot an arrow. The arrow hits Jessica!
You kill Jessica!
You have got your breath back.
The orc wizard looks more healthy.
The rat bites you but does no damage. The orc hits you with a +0 short sword.
The orc wizard hits you with a +0 dagger.
1662 ||| INVOKING Spit Poison.
Aiming: Spit Poison (1% risk of failure)
Press: ? - help, Shift-Dir - straight line, f - orc wizard The splash of poison misses the orc wizard.
The splash of poison misses the orc.
The orc hits you with a +0 short sword. The rat bites you but does no damage.
The orc wizard hits you with a +0 dagger.
You shoot an arrow. The arrow hits the orc wizard!
The orc wizard is almost dead.
The orc wizard casts a spell at you. The puff of flame hits you.
The orc hits you with a +0 short sword.
You die...

..# ... ...##.. ......
..... ..##...###
........ ## ###
#...##..#...
##.##########.@oo...$.
###............)or......
.....########...#...#...
...### ######..# . ..##
.).. ..# ..#.. >.# ...#.
.## .### ##


You could see an orc wizard (invisible), 2 orcs and a rat.

Vanquished Creatures
  Jessica (D:3)
  An adder (D:2)
  A worm (D:2)
  6 dart slugs
  An orc (D:3)
  An endoplasm (D:2)
  A giant cockroach (D:1)
  4 goblins
  6 hobgoblins
  2 quokkas (D:2)
  7 ball pythons
  3 bats (D:1)
  2 frilled lizards
  3 kobolds
  6 rats
45 creatures vanquished.

Notes
Turn   | Place    | Note
-------+----------+-------------------------------------------
     0 | D:1      | qw the Naga Hunter began the quest for the Orb.
     0 | D:1      | Reached XP level 1. HP: 19/19 MP: 1/1
     0 | D:1      | 0 ||| qw: Version: 0.2-a-29-g511e9b1
     0 | D:1      | 0 ||| qw: Game counter: 5339
     0 | D:1      | 0 ||| qw: Always use a shield: true
     0 | D:1      | 0 ||| qw: God list: Okawaru
     0 | D:1      | 0 ||| qw: Allow faded altars: false
     0 | D:1      | 0 ||| qw: Do Orc after D:15 true
     0 | D:1      | 0 ||| qw: Do second Lair branch before Depths: true
     0 | D:1      | 0 ||| qw: Lair rune preference: random
     0 | D:1      | 0 ||| qw: Plans: Normal
     0 | D:1      | 0 ||| PLANNING D:1-11
    25 | D:1      | 25 ||| INVOKING Spit Poison.
    36 | D:1      | 36 ||| INVOKING Spit Poison.
    58 | D:1      | 58 ||| INVOKING Spit Poison.
    91 | D:1      | You fall into a shaft and drop 1 floor!
    99 | D:2      | Reached skill level 4 in Ranged Weapons
    99 | D:2      | Reached XP level 2. HP: 26/26 MP: 2/2
   103 | D:2      | 103 ||| INVOKING Spit Poison.
   118 | D:2      | 118 ||| INVOKING Spit Poison.
   121 | D:2      | 121 ||| INVOKING Spit Poison.
   124 | D:2      | 124 ||| INVOKING Spit Poison.
   127 | D:2      | 127 ||| INVOKING Spit Poison.
   208 | D:2      | Reached XP level 3. HP: 32/32 MP: 3/3
   218 | D:2      | 218 ||| INVOKING Spit Poison.
   258 | D:2      | 258 ||| INVOKING Spit Poison.
   271 | D:2      | 271 ||| INVOKING Spit Poison.
   283 | D:2      | 283 ||| INVOKING Spit Poison.
   310 | D:2      | 310 ||| INVOKING Spit Poison.
   448 | D:2      | 448 ||| INVOKING Spit Poison.
   451 | D:2      | 451 ||| INVOKING Spit Poison.
   469 | D:2      | Identified the +3 leather armour of Afas Feahi {*Slow Will+
                  | Int+5}
   473 | D:2      | 473 ||| INVOKING Spit Poison.
   477 | D:2      | 477 ||| INVOKING Spit Poison.
   516 | D:2      | 516 ||| INVOKING Spit Poison.
   525 | D:2      | 525 ||| INVOKING Spit Poison.
   622 | D:2      | 622 ||| UPGRADING to +3 leather armour of Afas Feahi {*Slow
                  | Will+ Int+5}.
   632 | D:2      | 632 ||| DROPPING +0 leather armour.
   633 | D:2      | 633 ||| DROPPING +6 ring of intelligence.
   634 | D:2      | 634 ||| READING scroll labelled VOACWI CUOWNOC.
   692 | D:2      | 692 ||| DROPPING scroll of butterflies.
   703 | D:1      | 703 ||| INVOKING Spit Poison.
   716 | D:1      | Found Aput's Jewellery Shop.
   719 | D:1      | 719 ||| INVOKING Spit Poison.
   724 | D:1      | 724 ||| SHOPLISTING +6 ring of dexterity (432 gold, have
                  | 68).
   724 | D:1      | 724 ||| SHOPLISTING amulet of the acrobat (360 gold, have
                  | 68).
   737 | D:1      | 737 ||| INVOKING Spit Poison.
   779 | D:1      | 779 ||| INVOKING Spit Poison.
   819 | D:1      | Found a faded altar of an unknown god.
   958 | D:1      | 958 ||| INVOKING Spit Poison.
   962 | D:1      | 962 ||| INVOKING Spit Poison.
  1011 | D:1      | 1011 ||| INVOKING Spit Poison.
  1064 | D:1      | 1064 ||| INVOKING Spit Poison.
  1220 | D:1      | 1220 ||| INVOKING Spit Poison.
  1223 | D:1      | Reached skill level 5 in Ranged Weapons
  1223 | D:1      | Reached XP level 4. HP: 39/39 MP: 4/4
  1245 | D:1      | 1245 ||| INVOKING Spit Poison.
  1273 | D:1      | 1273 ||| INVOKING Spit Poison.
  1275 | D:1      | 1275 ||| READING scroll labelled FEOWYWOAMA.
  1276 | D:1      | 1276 ||| READING scroll labelled ESSURI TOTOH.
  1453 | D:2      | 1453 ||| INVOKING Spit Poison.
  1458 | D:2      | 1458 ||| INVOKING Spit Poison.
  1496 | D:2      | 1496 ||| UPGRADING to ring of positive energy.
  1601 | D:3      | Found Cant's Distillery.
  1603 | D:3      | 1603 ||| INVOKING Spit Poison.
  1615 | D:3      | 1615 ||| BUYING 2 potions of curing (60 gold).
  1615 | D:3      | Bought 2 potions of curing for 60 gold pieces
  1615 | D:3      | 1615 ||| BUYING potion of curing (30 gold).
  1615 | D:3      | Bought a potion of curing for 30 gold pieces
  1615 | D:3      | 1615 ||| SHOPLISTING potion of curing (30 gold, have 7).
  1615 | D:3      | 1615 ||| SHOPLISTING potion of haste (100 gold, have 7).
  1615 | D:3      | 1615 ||| SHOPLISTING potion of might (40 gold, have 7).
  1643 | D:3      | Noticed Jessica
  1645 | D:3      | 1645 ||| INVOKING Spit Poison.
  1649 | D:3      | 1649 ||| INVOKING Spit Poison.
  1654 | D:3      | 1654 ||| INVOKING Spit Poison.
  1658 | D:3      | 1658 ||| INVOKING Spit Poison.
  1661 | D:3      | Killed Jessica
  1661 | D:3      | HP: 8/39 [orc wizard/+0 dagger (3)]
  1662 | D:3      | 1662 ||| INVOKING Spit Poison.
  1663 | D:3      | HP: 1/40 [orc wizard/puff of flame (6)]
  1663 | D:3      | Slain by an orc

Levels and vault maps discovered:
D:1:      pf_arrival_petrified_forest, layout_loops_ring, serial_shops, shop,
          shapermc_ecumenical_altar_mp_highgroup
D:2:      layout_basic, minmay_misc_feat_secret_circle
D:3:      layout_rooms, serial_shops, shop_fountains,
          minmay_goblin_kobold_house, uniq_sigmund, uniq_jessica,
          uniq_crazy_yiuf_cottage

Skill      XL: |  1  2  3 |
---------------+----------+-----
Ranged Weapons | 4 5 |  5.0
Fighting       | |  2.9
Dodging        | |  1.5
Stealth        | |  1.5

Action                     |  1- 3 |  4- 6 || total
---------------------------+-------+-------++-------
   Fire: Shortbow          |    73 |    24 ||    97
Ability: Spit Poison       |    28 |    10 ||    38
    Use: Scroll            |     1 |     2 ||     3
 Armour: Leather armour    |    14 |    13 ||    27
  Dodge: Dodged            |     8 |    17 ||    25

Table legend:
 A = Non-vault XP
 B = Vault XP
 C = Vault XP percentage of total XP
 D = Non-vault monster count
 E = Vault monster count
 F = Vault count percentage of total count
                 A         B        C        D         E       F
            +---------+---------+-------+---------+---------+-------
      Total |     100 |      37 |  27.0 |      44 |       1 |   2.2
            +---------+---------+-------+---------+---------+-------
        D:1 |      41 |       0 |   0.0 |      21 |       0 |   0.0
        D:2 |      52 |       0 |   0.0 |      20 |       0 |   0.0
        D:3 |       7 |      37 |  84.1 |       3 |       1 |  25.0
            +---------+---------+-------+---------+---------+-------
